TOP OF THE 1ST |
San Diego Padres batting - Pitching for Philadelphia Phillies : RHP Miguel Castro
|
Pitching: RHP Miguel Castro
|
|
Batting: RHB Jose Altuve
|
0-0: Called Strike 0-1: Ball 1-1: SINGLE (Line Drive, 5D, EV 98.8 MPH)
|
Batting: SHB Carlos Santana
|
0-0: Ball 1-0: Ball 2-0: Foul Ball, location: 2F 2-1: Foul Ball, location: 2F 2-2: SINGLE (Flyball, 8RS, EV 95.6 MPH) Jose Altuve to second
|
Batting: RHB Mitch Haniger
|
0-0: Foul Ball, location: 2F 0-1: Ball 1-1: Swinging Strike 1-2: Ball 2-2: Strikes out swinging
|
Batting: RHB Hunter Renfroe
|
0-0: Foul Ball, location: 2F 0-1: Ball 1-1: Ball 2-1: Swinging Strike 2-2: Strikes out swinging
|
Batting: RHB Jose Pirela
|
0-0: Called Strike 0-1: Ball 1-1: Ball 2-1: Ball 3-1: Base on Balls Jose Altuve to third Carlos Santana to second
|
Batting: LHB Brock Holt
|
0-0: Fielders Choice at 2nd, 5-4 (Groundball, 56, EV 86.3 MPH)
|
Top of the 1st over - 0 runs, 2 hits, 0 errors, 3 left on base; San Diego 0 - Philadelphia 0 |
BOTTOM OF THE 1ST |
Philadelphia Phillies batting - Pitching for San Diego Padres : LHP Hyun-jin Ryu
|
Pitching: LHP Hyun-jin Ryu
|
|
Batting: LHB Leonys Martin
|
0-0: Called Strike 0-1: Called Strike 0-2: Strikes out swinging
|
Batting: SHB Ketel Marte
|
0-0: Called Strike 0-1: Ball 1-1: Foul Ball, location: 2F 1-2: Ball 2-2: Strikes out swinging
|
Batting: RHB Giancarlo Stanton
|
0-0: Called Strike 0-1: Ball 1-1: Foul Ball, location: 2F 1-2: Foul Ball, location: 2F 1-2: Strikes out looking
|
Bottom of the 1st over - 0 runs, 0 hits, 0 errors, 0 left on base; San Diego 0 - Philadelphia 0 |
TOP OF THE 2ND |
San Diego Padres batting - Pitching for Philadelphia Phillies : RHP Miguel Castro
|
Batting: RHB Austin Romine
|
0-0: Called Strike 0-1: Foul Ball, location: 2F 0-2: Foul Ball, location: 2F 0-2: Ball 1-2: SINGLE (Groundball, 6MD, EV 93.8 MPH)
|
Batting: SHB Johan Camargo
|
0-0: Called Strike 0-1: Ball 1-1: Foul Ball, location: 2F 1-2: Ball Wild Pitch! Austin Romine to second 2-2: Hit by Pitch
|
Batting: RHB Hyun-jin Ryu
|
0-0: Bunt - Flyout to 23! F3
|
Batting: RHB Jose Altuve
|
0-0: Foul Ball, location: 2F 0-1: Fly out, F6 (Popup, 6D, EV 68.8 MPH)
|
Batting: SHB Carlos Santana
|
0-0: Ball 1-0: Swinging Strike 1-1: Ball 2-1: Ball 3-1: Swinging Strike 3-2: Strikes out looking
|
Top of the 2nd over - 0 runs, 1 hit, 0 errors, 2 left on base; San Diego 0 - Philadelphia 0 |
BOTTOM OF THE 2ND |
Philadelphia Phillies batting - Pitching for San Diego Padres : LHP Hyun-jin Ryu
|
Batting: RHB Jesus Aguilar
|
0-0: Ball 1-0: Ground out 5-3 (Groundball, 56, EV 90.6 MPH)
|
Batting: LHB David Peralta
|
0-0: Swinging Strike 0-1: Swinging Strike 0-2: Ball 1-2: Foul Ball, location: 2F 1-2: Strikes out swinging
|
Batting: RHB Todd Frazier
|
0-0: Ball 1-0: SINGLE (Line Drive, 8RS, EV 106.9 MPH)
|
Batting: RHB Josh Harrison
|
0-0: Called Strike 0-1: Ball 1-1: Ball 2-1: Reached on error, E4 (Groundball, 4, EV 86.3 MPH) Todd Frazier to second
|
Batting: RHB Russell Martin
|
0-0: Ground out 4-3 (Groundball, 4, EV 86.3 MPH)
|
Bottom of the 2nd over - 0 runs, 1 hit, 1 error, 2 left on base; San Diego 0 - Philadelphia 0 |
TOP OF THE 3RD |
San Diego Padres batting - Pitching for Philadelphia Phillies : RHP Miguel Castro
|
Batting: RHB Mitch Haniger
|
0-0: Ball 1-0: Foul Ball, location: 2F 1-1: Foul Ball, location: 2F 1-2: Ball 2-2: Ball 3-2: Base on Balls
|
Batting: RHB Hunter Renfroe
|
0-0: Ball Wild Pitch! Mitch Haniger to second 1-0: Ball 2-0: Foul Ball, location: 2F 2-1: SINGLE (Line Drive, 8LS, EV 110.0 MPH) Mitch Haniger to third
|
Batting: RHB Jose Pirela
|
0-0: Ball 1-0: Called Strike 1-1: Ball 2-1: Grounds into double play, 6-4-3 (Groundball, 6, EV 86.3 MPH) Mitch Haniger scores
|
Batting: LHB Brock Holt
|
0-0: Ball 1-0: Called Strike 1-1: Foul Ball, location: 2F 1-2: Ball 2-2: Ground out 4-3 (Groundball, 4, EV 81.9 MPH)
|
Top of the 3rd over - 1 run, 1 hit, 0 errors, 0 left on base; San Diego 1 - Philadelphia 0 |
BOTTOM OF THE 3RD |
Philadelphia Phillies batting - Pitching for San Diego Padres : LHP Hyun-jin Ryu
|
Batting: RHB Miguel Castro
|
0-0: SINGLE (Line Drive, 89S, EV 93.1 MPH)
|
Batting: LHB Leonys Martin
|
0-0: Called Strike 0-1: Foul Ball, location: 2F 0-2: Ball 1-2: Ball 2-2: Foul Ball, location: 2F 2-2: Fielders Choice at 2nd, 5-4 (Groundball, 5, EV 83.1 MPH)
|
Batting: SHB Ketel Marte
|
0-0: Ball 1-0: Ball 2-0: Called Strike 2-1: Called Strike 2-2: Ball 3-2: Fielders Choice at 2nd, 6-4 (Groundball, 6, EV 105.0 MPH)
|
Batting: RHB Giancarlo Stanton
|
0-0: Ball Ketel Marte steals 2nd base 1-0: Swinging Strike 1-1: 2-RUN HOME RUN (Flyball, 78XD, EV 108.8 MPH), Distance : 399 ft
|
Batting: RHB Jesus Aguilar
|
0-0: Ball 1-0: Called Strike 1-1: Foul Ball, location: 2F 1-2: Ground out 6-3 (Groundball, 56, EV 103.8 MPH)
|
Bottom of the 3rd over - 2 runs, 2 hits, 0 errors, 0 left on base; San Diego 1 - Philadelphia 2 |
TOP OF THE 4TH |
San Diego Padres batting - Pitching for Philadelphia Phillies : RHP Miguel Castro
|
Batting: RHB Austin Romine
|
0-0: Foul Ball, location: 2F 0-1: Ball 1-1: Fly out, F9 (Flyball, 89D, EV 101.3 MPH)
|
Batting: SHB Johan Camargo
|
0-0: Called Strike 0-1: Ball 1-1: Foul Ball, location: 2F 1-2: Foul Ball, location: 2F 1-2: SINGLE (Line Drive, 7LS, EV 105.6 MPH)
|
Batting: RHB Hyun-jin Ryu
|
0-0: Sac Bunt to 23 - play at first, batter OUT! 3-4 Johan Camargo to second
|
Batting: RHB Jose Altuve
|
0-0: Called Strike 0-1: Ground out 5-3 (Groundball, 56S, EV 67.5 MPH)
|
Top of the 4th over - 0 runs, 1 hit, 0 errors, 1 left on base; San Diego 1 - Philadelphia 2 |
BOTTOM OF THE 4TH |
Philadelphia Phillies batting - Pitching for San Diego Padres : LHP Hyun-jin Ryu
|
Batting: LHB David Peralta
|
0-0: Ground out 1-3 (Groundball, 34S, EV 71.3 MPH)
|
Batting: RHB Todd Frazier
|
0-0: Ball 1-0: Fly out, F7 (Flyball, 7D, EV 106.9 MPH)
|
Batting: RHB Josh Harrison
|
0-0: Ball 1-0: Fly out, F8 (Flyball, 8RXD, EV 91.3 MPH)
|
Bottom of the 4th over - 0 runs, 0 hits, 0 errors, 0 left on base; San Diego 1 - Philadelphia 2 |
TOP OF THE 5TH |
San Diego Padres batting - Pitching for Philadelphia Phillies : RHP Miguel Castro
|
Pitching: RHP Jake Petricka
|
|
Batting: SHB Carlos Santana
|
0-0: Foul Ball, location: 2F 0-1: Called Strike 0-2: Ball 1-2: Foul Ball, location: 2F 1-2: Foul Ball, location: 2F 1-2: Ball 2-2: Ball 3-2: Fly out, F6 (Flyball, 4MD, EV 92.5 MPH)
|
Batting: RHB Mitch Haniger
|
0-0: Called Strike 0-1: Foul Ball, location: 2F 0-2: Foul Ball, location: 2F 0-2: Ball 1-2: Strikes out swinging
|
Batting: RHB Hunter Renfroe
|
0-0: Ground out 5-3 (Groundball, 56S, EV 75.6 MPH)
|
Top of the 5th over - 0 runs, 0 hits, 0 errors, 0 left on base; San Diego 1 - Philadelphia 2 |
BOTTOM OF THE 5TH |
Philadelphia Phillies batting - Pitching for San Diego Padres : LHP Hyun-jin Ryu
|
Batting: RHB Russell Martin
|
0-0: Called Strike 0-1: Called Strike 0-2: Ball 1-2: Ball 2-2: Foul Ball, location: 2F 2-2: Foul Ball, location: 2F 2-2: Ball 3-2: Ground out 6-3 (Groundball, 6S, EV 68.8 MPH)
|
Batting: RHB Jake Petricka
|
0-0: Ball 1-0: Called Strike 1-1: Ball 2-1: Foul Ball, location: 2F 2-2: Ball 3-2: Ground out 1-3 (Groundball, 13, EV 66.9 MPH)
|
Batting: LHB Leonys Martin
|
0-0: Called Strike 0-1: Ball 1-1: Ground out U3 (Groundball, 3, EV 88.8 MPH)
|
Bottom of the 5th over - 0 runs, 0 hits, 0 errors, 0 left on base; San Diego 1 - Philadelphia 2 |
TOP OF THE 6TH |
San Diego Padres batting - Pitching for Philadelphia Phillies : RHP Jake Petricka
|
Batting: RHB Jose Pirela
|
0-0: Called Strike 0-1: Called Strike 0-2: Ball 1-2: Foul Ball, location: 2F 1-2: Ball 2-2: Ground out 3-1 (Groundball, 34, EV 83.1 MPH)
|
Batting: LHB Brock Holt
|
0-0: Called Strike 0-1: Ground out 4-3 (Groundball, 4S, EV 68.8 MPH)
|
Batting: RHB Austin Romine
|
0-0: Ball 1-0: Ball 2-0: Called Strike 2-1: Ball 3-1: Foul Ball, location: 2F 3-2: Strikes out swinging
|
Top of the 6th over - 0 runs, 0 hits, 0 errors, 0 left on base; San Diego 1 - Philadelphia 2 |
BOTTOM OF THE 6TH |
Philadelphia Phillies batting - Pitching for San Diego Padres : LHP Hyun-jin Ryu
|
Batting: SHB Ketel Marte
|
0-0: Swinging Strike 0-1: Ball 1-1: Ground out 5-3 (Groundball, 56S, EV 81.9 MPH)
|
Batting: RHB Giancarlo Stanton
|
0-0: SOLO HOME RUN (Flyball, 78XD, EV 108.1 MPH), Distance : 405 ft
|
Batting: RHB Jesus Aguilar
|
0-0: Ball 1-0: Fly out, F5 (Popup, 56S, EV 68.8 MPH)
|
Batting: LHB David Peralta
|
0-0: Ball 1-0: Foul Ball, location: 2F 1-1: Fly out, F9 (Flyball, 9S, EV 96.9 MPH)
|
Bottom of the 6th over - 1 run, 1 hit, 0 errors, 0 left on base; San Diego 1 - Philadelphia 3 |
TOP OF THE 7TH |
San Diego Padres batting - Pitching for Philadelphia Phillies : RHP Jake Petricka
|
Pitching: RHP Bryan Shaw
|
|
Batting: SHB Johan Camargo
|
0-0: Ball 1-0: Called Strike 1-1: Foul Ball, location: 2F 1-2: Strikes out looking
|
Pinch Hitting: RHB Lorenzo Cain
|
0-0: Called Strike 0-1: Ball 1-1: Foul Ball, location: 2F 1-2: Ball 2-2: Ball 3-2: Ground out 6-3 (Groundball, 6, EV 83.8 MPH)
|
Batting: RHB Jose Altuve
|
0-0: Foul Ball, location: 2F 0-1: Ball 1-1: Bunt for hit to 5S - play at first, batter OUT! 5-3
|
Top of the 7th over - 0 runs, 0 hits, 0 errors, 0 left on base; San Diego 1 - Philadelphia 3 |
BOTTOM OF THE 7TH |
Philadelphia Phillies batting - Pitching for San Diego Padres : LHP Hyun-jin Ryu
|
Pitching: RHP Ryan Brasier
|
|
Batting: RHB Todd Frazier
|
0-0: Ball 1-0: Ball 2-0: Ball 3-0: Called Strike 3-1: Base on Balls
|
Batting: RHB Josh Harrison
|
0-0: Fly out, F7 (Flyball, 78S, EV 76.3 MPH)
|
Batting: RHB Russell Martin
|
0-0: Ball 1-0: 2-RUN HOME RUN (Flyball, 78XD, EV 96.3 MPH), Distance : 404 ft
|
Pinch Hitting: LHB Nicky Delmonico
|
0-0: Foul Ball, location: 2F 0-1: Called Strike 0-2: Foul Ball, location: 2F 0-2: Foul Ball, location: 2F 0-2: Ball 1-2: Ball 2-2: Foul Ball, location: 2F 2-2: Ball 3-2: Strikes out swinging
|
Batting: LHB Leonys Martin
|
0-0: Called Strike 0-1: Ball 1-1: Foul Ball, location: 2F 1-2: Strikes out swinging
|
Bottom of the 7th over - 2 runs, 1 hit, 0 errors, 0 left on base; San Diego 1 - Philadelphia 5 |
TOP OF THE 8TH |
San Diego Padres batting - Pitching for Philadelphia Phillies : RHP Bryan Shaw
|
Pitching: RHP Jamie Callahan
|
|
Batting: SHB Carlos Santana
|
0-0: Foul Ball, location: 2F 0-1: Ball 1-1: Fly out, F3 (Popup, 3L, EV 71.9 MPH)
|
Batting: RHB Mitch Haniger
|
0-0: Ball 1-0: Ball 2-0: Foul Ball, location: 2F 2-1: Foul Ball, location: 2F 2-2: Ball 3-2: Base on Balls
|
Batting: RHB Hunter Renfroe
|
0-0: Swinging Strike 0-1: Foul Ball, location: 2F 0-2: Ball 1-2: Foul Ball, location: 2F 1-2: Ball 2-2: Foul Ball, location: 2F 2-2: Grounds into double play, 6-4-3 (Groundball, 6, EV 100.6 MPH)
|
Top of the 8th over - 0 runs, 0 hits, 0 errors, 0 left on base; San Diego 1 - Philadelphia 5 |
BOTTOM OF THE 8TH |
Philadelphia Phillies batting - Pitching for San Diego Padres : RHP Ryan Brasier
|
Pitching: RHP Spencer Turnbull
|
|
Batting: SHB Ketel Marte
|
0-0: Called Strike 0-1: Ball 1-1: Ball 2-1: Ball 3-1: Foul Ball, location: 2F 3-2: SOLO HOME RUN (Flyball, 9D, EV 92.5 MPH), Distance : 374 ft
|
Batting: RHB Giancarlo Stanton
|
0-0: Ball 1-0: Ball 2-0: Called Strike 2-1: Ball 3-1: Called Strike 3-2: Base on Balls
|
Batting: RHB Jesus Aguilar
|
0-0: Called Strike 0-1: Ball 1-1: Foul Ball, location: 2F 1-2: Fielders Choice at 2nd, 5-4 (Groundball, 56, EV 77.5 MPH)
|
Batting: LHB David Peralta
|
0-0: Ball 1-0: SINGLE (Flyball, 56D, EV 86.9 MPH) Jesus Aguilar to second
|
Batting: RHB Todd Frazier
|
0-0: Called Strike 0-1: Ball 1-1: Ball 2-1: Ball 3-1: DOUBLE (Line Drive, 7LD, EV 104.4 MPH) Jesus Aguilar scores David Peralta to third
|
Batting: RHB Josh Harrison
|
0-0: Swinging Strike 0-1: SINGLE (Groundball, 6MD, EV 107.5 MPH) David Peralta scores Todd Frazier to third Runner from 3rd tries for Home, SAFE, no throw by CF
|
Pitching: LHP Scott Alexander
|
|
Batting: RHB Russell Martin
|
0-0: Ball 1-0: Ball 2-0: Foul Ball, location: 2F 2-1: Foul Ball, location: 2F 2-2: Ball 3-2: SINGLE (Line Drive, 8LS, EV 96.9 MPH) Josh Harrison to second
|
Batting: RHB Jamie Callahan
|
0-0: Called Strike 0-1: Ball 1-1: Sac Bunt to 23 - play at first, batter OUT! 3-4 Josh Harrison to third Russell Martin to second
|
Batting: LHB Leonys Martin
|
0-0: Called Strike 0-1: Ball 1-1: Foul Ball, location: 2F 1-2: Foul Ball, location: 2F 1-2: Strikes out looking
|
Bottom of the 8th over - 4 runs, 5 hits, 0 errors, 2 left on base; San Diego 1 - Philadelphia 9 |
TOP OF THE 9TH |
San Diego Padres batting - Pitching for Philadelphia Phillies : RHP Jamie Callahan
|
Pinch Hitting: RHB Adam Duvall
|
0-0: Ball 1-0: Ball 2-0: Called Strike 2-1: Foul Ball, location: 2F 2-2: Strikes out looking
|
Batting: LHB Brock Holt
|
0-0: Called Strike 0-1: Ball 1-1: Foul Ball, location: 2F 1-2: Foul Ball, location: 2F 1-2: Ball 2-2: Strikes out swinging
|
Batting: RHB Austin Romine
|
0-0: Called Strike 0-1: Ball 1-1: Foul Ball, location: 2F 1-2: Foul Ball, location: 2F 1-2: Ball 2-2: Ground out U3 (Groundball, 3L, EV 102.5 MPH)
|
Top of the 9th over - 0 runs, 0 hits, 0 errors, 0 left on base; San Diego 1 - Philadelphia 9 |
|